 Dungeon Crawl Stone Soup version 0.31-a0-267-g3fc6992b3b (webtiles) character file.

Game seed: 6389708636138868889

11201 qw the Skirmisher (level 11, -4/72 HPs)
             Began as a Gargoyle Hexslinger on July 13, 2023.
             Was an Elder of Okawaru.
             Slain by a spectral snapping turtle (13 damage)
             ... called from beyond by a ghost crab
             ... on level 2 of the Lair of Beasts.
             The game lasted 00:04:20 (8646 turns).

qw the Skirmisher (Gargoyle Hexslinger)             Turns: 8646, Time: 00:04:21

Health: -4/72      AC: 24    Str: 11    XL:     11   Next: 74%
Magic:  15/15      EV: 17    Int: 15    God:    Okawaru [****..]
Gold:   1367       SH:  0    Dex: 18    Spells: 11/12 levels left

rFire   + . .        Y - +2 orcbow
rCold   + . .        (shield currently unavailable)
rNeg    + + .        g - +3 leather armour {rC+}
rPois   inf          c - +1 helmet
rElec   +            h - +0 cloak
rCorr   .            f - +0 pair of gloves
SInv    .            (no boots)
Will    .....        (no amulet)
Stlth   +++          l - ring of protection from fire
HPRegen 0.32/turn    i - ring "Niongez" {rN+ AC+4 Dex+2}
MPRegen 0.14/turn

%: no passive effects
@: about to teleport, heroic
A: sickness immunity, AC +8, negative energy resistance 1, electricity
resistance, torment resistance 1, petrification resistance
a: Renounce Religion, Heroism, Finesse


You were on level 2 of the Lair of Beasts.
You worshipped Okawaru.
Okawaru was greatly pleased with you.
You visited 3 branches of the dungeon, and saw 11 of its levels.

You collected 1489 gold pieces.
You spent 122 gold pieces at shops.


Innate Abilities, Weirdness & Mutations

You are immune to sickness and miasma.
Your stone body is resilient. (AC +8)
You are immune to poison.
You resist negative energy. (rN+)
You are resistant to electric shocks. (rElec)
You are resistant to unholy torment.
You are immune to petrification.


   Skills:
 + Level 9.7(14.7) Fighting
 - Level 14.1(19.1) Ranged Weapons
 - Level 3.3(8.3) Armour
 - Level 4.1(9.1) Dodging
 - Level 1.0 Spellcasting
 - Level 2.6 Hexes
 + Level 5.4 Invocations


You had 11 spell levels left.
You knew the following spells:

 Your Spells              Type           Power      Damage    Failure   Level
a - Slow                  Hex            32%        N/A       11%         1

Your spell library contained the following spells:

 Spells                   Type           Power      Damage    Failure   Level
 Inner Flame              Hex/Fire       4%         N/A       47%         3
 Portal Projectile        Hex/Tloc       8%         N/A       47%         3
 Cause Fear               Hex            4%         N/A       71%         4

Inventory:

Hand Weapons
 Y - a +2 orcbow (weapon)
Armour
 c - a +1 helmet (worn)
 f - a +0 pair of gloves (worn)
 g - a +3 leather armour of cold resistance (worn)
 h - a +0 cloak (worn)
Jewellery
 i - the ring "Niongez" (right hand) {rN+ AC+4 Dex+2}
   (You found it on level 6 of the Dungeon)

   [ring of protection]

   AC:        It affects your AC (+4).
   Dex:       It affects your dexterity (+2).
   rN:        It protects you from negative energy.
 l - a ring of protection from fire (left hand)
Scrolls
 a - 6 scrolls of teleportation
 d - 6 scrolls of identify
Potions
 b - 2 potions of enlightenment
 e - a potion of might
 j - a potion of degeneration {unknown}
 k - 3 potions of resistance
 m - a potion of curing

Dungeon Overview and Level Annotations

Branches:
Dungeon (8/15)             Temple (1/1) D:4            Lair (2/5) D:8
  Swamp (0/4) Lair:2
  Snake: Lair:2-3    Spider: Lair:2-3

Altars:
Ashenzari
Cheibriados
Dithmenos
Elyvilon
Fedhas
Gozag
Kikubaaqudgha
Makhleb
Nemelex Xobeh
Okawaru
Qazlal
Ru
Sif Muna
Trog
Uskayaw
Vehumet
Wu Jian
Xom
Yredelemnul
Zin
The Shining One

Shops:
D:2 ==[?   D:3 :

Annotations:
D:6 3 runed translucent doors, qw's ghost, novice MiHs


Message History

The spectral lindwurm misses you. The spectral water moccasin misses you.
You shoot an arrow. The arrow hits the spectral catoblepas.
The spectral catoblepas is lightly damaged.
You are engulfed in spectral mist.
The spectral fire crab closely misses you.
The spectral fire crab misses you.
The ghost crab breathes spectral mist at you.
The spectral mist engulfs the spectral catoblepas but does no damage.
The spectral lindwurm bites you.
The spectral lindwurm closely misses you. x2
The spectral water moccasin misses you.
You shoot an arrow.
The arrow hits the spectral catoblepas but does no damage.
The spectral catoblepas is lightly damaged.
You are engulfed in spectral mist.
The spectral lindwurm fades away!
The spectral fire crab fades away!
The spectral catoblepas fades away!
The spectral water moccasin bites you but does no damage.
You shoot an arrow. The arrow hits the ghost crab!
The ghost crab is moderately damaged.
You are engulfed in spectral mist.
The spectral water moccasin misses you.
You shoot an arrow. The arrow barely misses the ghost crab.
You are engulfed in spectral mist.
The ghost crab misses you.
The ghost crab claws you but does no damage.
The spectral water moccasin closely misses you.
You shoot an arrow. The arrow hits the ghost crab!!
The ghost crab is severely damaged.
You are engulfed in spectral mist.
The ghost crab misses you. x2
The spectral snapping turtle bites you from afar.
The spectral water moccasin closely misses you.
You shoot an arrow. The arrow hits the ghost crab!
The ghost crab is almost destroyed.
You are engulfed in spectral mist.
The spectral water moccasin fades away!
The ghost crab breathes spectral mist at you.
The spectral mist engulfs you but does no damage.
8646 ||| READING 7 scrolls of teleportation.
As you read the scroll of teleportation, it crumbles to dust.
You feel strangely unstable.
You are engulfed in spectral mist.
The spectral snapping turtle bites you from afar!
You die...

#...............###P...#.####..#
#...............####...### ##..#
#...[......#.....###...# #....
#..........#....#.#....# ##..#
#..........#...........# #....
#............########%######....
#...........##7777 #...........
##.........777700777####.###...#
##.......77700@t007 ### #...#
##.......¤¤0¤Z7Z0~¤7 #...#
#....#..¤¤Z777 Z.¤¤. ####...#
....PP#..Z00.7 .¤¤¤ #.......
....###..¤¤%.7


777 #......# #.## #.777.~~. ###.#...# #. ### 7777.7 #......... 77 ..........
........... You could see a ghost crab, a spectral anaconda (summoned), a
spectral yak (summoned), a spectral elephant (summoned), a spectral cane toad
(summoned) and a spectral snapping turtle (summoned).

Vanquished Creatures
  A hydra (Lair:2)
  A boulder beetle (Lair:2)
  2 black mambas
  5 elephants (Lair:2)
  4 cane toads
  3 komodo dragons
  2 rime drakes
  2 polar bears
  Prince Ribbit (D:7)
  A vampire (D:5)
  A yak (D:8)
  A wyvern (Lair:1)
  2 basilisks (Lair:2)
  Edmund (D:6)
  3 water moccasins
  Duvessa (D:7)
  A spectral blink frog (Lair:2)
  An orc warrior (D:8)
  2 black bears
  3 sky beasts
  2 ogres
  A spectral rime drake (Lair:2)
  2 phantoms
  13 bullfrogs
  9 wights (D:7)
  3 scorpions
  Dowan (D:7)
  4 howler monkeys
  4 orc priests
  4 hounds
  A jelly (D:6)
  2 iguanas
  3 sleepcaps
  7 orc wizards
  A gnoll (D:6)
  6 adders
  2 shadow imps (D:7)
  3 white imps
  2 worms
  2 dart slugs
  20 orcs
  8 ball pythons
  9 endoplasms
  3 giant cockroaches (D:1)
  6 goblins
  6 hobgoblins
  6 jackals (D:1)
  7 kobolds
  7 quokkas
  7 bats
  3 frilled lizards
  12 rats
204 creatures vanquished.

Notes
Turn   | Place    | Note
-------+----------+-------------------------------------------
     0 | D:1      | qw the Gargoyle Hexslinger began the quest for the Orb.
     0 | D:1      | Reached XP level 1. HP: 12/12 MP: 2/2
     0 | D:1      | 0 ||| qw: Version: 0.3-a-52-g30416fa
     0 | D:1      | 0 ||| qw: Game counter: 7712
     0 | D:1      | 0 ||| qw: Melee chars always use a shield: true
     0 | D:1      | 0 ||| qw: God list: Okawaru
     0 | D:1      | 0 ||| qw: Allow faded altars: false
     0 | D:1      | 0 ||| qw: Do Orc after clearing Dungeon:15 true
     0 | D:1      | 0 ||| qw: Do second Lair branch before Depths: true
     0 | D:1      | 0 ||| qw: Lair rune preference: random
     0 | D:1      | 0 ||| qw: Goals: Normal
     0 | D:1      | 0 ||| PLANNING D:1-11
   108 | D:1      | Reached XP level 2. HP: 16/16 MP: 3/3
   267 | D:1      | Reached skill level 3 in Ranged Weapons
   281 | D:1      | 281 ||| FLEEEEING.
   282 | D:1      | 282 ||| FLEEEEING.
   385 | D:1      | Reached XP level 3. HP: 21/21 MP: 4/4
   809 | D:1      | 809 ||| UPGRADING to +0 pair of gloves.
   814 | D:1      | 814 ||| UPGRADING to +0 cloak.
   819 | D:1      | 819 ||| UPGRADING to +0 ring mail.
   829 | D:1      | 829 ||| DROPPING +0 robe.
   830 | D:1      | 830 ||| READING 2 scrolls labelled RUDIAC ZIERCH.
   835 | D:1      | 835 ||| READING scroll labelled RYQUAQINIT.
   836 | D:1      | 836 ||| READING scroll labelled HOSUCI WIBE.
   837 | D:1      | 837 ||| READING scroll labelled ECUVOP VOCLAHOU.
   838 | D:1      | 838 ||| DRINKING 2 sedimented orange potions.
   839 | D:1      | 839 ||| DROPPING scroll of poison.
   840 | D:1      | 840 ||| DROPPING potion of invisibility.
   852 | D:2      | Reached skill level 1 in Armour
   856 | D:2      | 856 ||| STAIRDANCE
   863 | D:1      | Reached XP level 4. HP: 25/26 MP: 5/5
   876 | D:2      | Found Ynaafism's Jewellery Shoppe.
   877 | D:2      | 877 ||| SWAPPING to +0 orcbow.
   880 | D:2      | 880 ||| DROPPING +2 sling.
   896 | D:2      | 896 ||| SHOPLISTING +4 ring of slaying (1014 gold, have
                  | 90).
   896 | D:2      | 896 ||| SHOPLISTING +6 ring of dexterity (468 gold, have
                  | 90).
   896 | D:2      | 896 ||| SHOPLISTING amulet of reflection (390 gold, have
                  | 90).
   896 | D:2      | 896 ||| SHOPLISTING ring of ice (325 gold, have 90).
   896 | D:2      | 896 ||| SHOPLISTING ring of positive energy (260 gold, have
                  | 90).
   896 | D:2      | 896 ||| SHOPLISTING ring of protection from fire (325 gold,
                  | have 90).
   896 | D:2      | 896 ||| SHOPLISTING ring of see invisible (195 gold, have
                  | 90).
   994 | D:2      | Found Peran's Jewellery Boutique.
  1002 | D:2      | 1002 ||| SHOPLISTING +4 ring of protection (432 gold, have
                  | 134).
  1002 | D:2      | 1002 ||| SHOPLISTING amulet of regeneration (360 gold, have
                  | 134).
  1002 | D:2      | 1002 ||| SHOPLISTING ring "Uxzizust" {rPois Dex+3} (399
                  | gold, have 134).
  1002 | D:2      | 1002 ||| SHOPLISTING ring of Oenomania {Fly rPois rCorr
                  | Str+3 Int+6 Stlth-} (717 gold, have 134).
  1002 | D:2      | 1002 ||| SHOPLISTING ring of protection from fire (300
                  | gold, have 134).
  1002 | D:2      | 1002 ||| SHOPLISTING ring of resist corrosion (240 gold,
                  | have 134).
  1058 | D:2      | Found Wukhlerocw's Magic Scroll Shoppe.
  1065 | D:2      | Found Wynyeg's Antique Armour Emporium.
  1072 | D:2      | 1072 ||| SHOPLISTING 2 scrolls of enchant weapon (180 gold,
                  | have 134).
  1072 | D:2      | 1072 ||| BUYING scroll of identify (24 gold).
  1072 | D:2      | Bought a scroll of identify for 24 gold pieces
  1072 | D:2      | 1072 ||| BUYING scroll of identify (24 gold).
  1072 | D:2      | Bought a scroll of identify for 24 gold pieces
  1080 | D:2      | 1080 ||| SHOPLISTING glowing scarf (160 gold, have 86).
  1080 | D:2      | 1080 ||| BUYING runed robe (74 gold).
  1080 | D:2      | Bought a runed robe for 74 gold pieces
  1115 | D:2      | Reached skill level 4 in Ranged Weapons
  1284 | D:2      | 1284 ||| UPGRADING to +1 helmet.
  1289 | D:2      | 1289 ||| UPGRADING to +2 robe of positive energy.
  1299 | D:2      | 1299 ||| DROPPING +0 ring mail.
  1300 | D:2      | 1300 ||| READING scroll labelled BYGICE GAMM.
  1301 | D:2      | 1301 ||| DRINKING 2 silvery potions.
  1302 | D:2      | 1302 ||| READING 3 scrolls of identify.
  1302 | D:2      | 1302 ||| IDENTIFYING emerald potion
  1334 | D:3      | Found a sacrificial altar of Ru.
  1435 | D:3      | Found Wereatt's Book Shoppe.
  1485 | D:3      | HP: 6/26 [something/magic dart (4)]
  1492 | D:3      | HP: 4/26 [something/puff of flame (4)]
  1499 | D:3      | 1499 ||| DRINKING potion of heal wounds.
  1538 | D:3      | Reached XP level 5. HP: 21/30 MP: 6/6
  1759 | D:3      | Found a faded altar of an unknown god.
  1788 | D:3      | Reached skill level 5 in Ranged Weapons
  2057 | D:3      | 2057 ||| UPGRADING to ring of protection from fire.
  2058 | D:3      | 2058 ||| READING scroll labelled BARANW ORAPLA.
  2059 | D:3      | 2059 ||| DRINKING 2 golden potions.
  2060 | D:3      | 2060 ||| READING 3 scrolls of identify.
  2060 | D:3      | 2060 ||| IDENTIFYING dark potion
  2061 | D:3      | 2061 ||| READING 2 scrolls of identify.
  2061 | D:3      | 2061 ||| IDENTIFYING cyan potion
  2062 | D:3      | 2062 ||| DROPPING potion of magic.
  2146 | D:4      | Noticed a black bear
  2153 | D:4      | Killed a black bear
  2154 | D:4      | Reached XP level 6. HP: 38/38 MP: 7/7
  2155 | D:4      | Found a broken altar of Ashenzari.
  2363 | D:4      | Found an ornate altar of the Wu Jian Council.
  2366 | D:4      | Found an opulent altar of Gozag.
  2366 | D:4      | Found a sacrificial altar of Ru.
  2368 | D:4      | Found a shimmering altar of Xom.
  2368 | D:4      | Found a glowing silver altar of Zin.
  2368 | D:4      | Found a sparkling altar of Nemelex Xobeh.
  2409 | D:4      | Found a staircase to the Ecumenical Temple.
  2410 | D:4      | 2410 ||| PLANNING TEMPLE
  2418 | Temple   | Entered the Ecumenical Temple
  2419 | Temple   | 2419 ||| PLANNING OKAWARU WORSHIP
  2580 | Temple   | Became a worshipper of Warmaster Okawaru
  2581 | Temple   | 2581 ||| PLANNING D:1-11
  2740 | D:5      | Entered Level 5 of the Dungeon
  2803 | D:5      | Reached skill level 6 in Ranged Weapons
  2803 | D:5      | Reached XP level 7. HP: 40/43 MP: 8/8
  2977 | D:5      | Found an ornate altar of the Wu Jian Council.
  3076 | D:5      | Reached * piety under Okawaru
  3077 | D:5      | Reached skill level 7 in Ranged Weapons
  3078 | D:5      | Reached skill level 1 in Invocations
  3092 | D:5      | Reached XP level 8. HP: 41/48 MP: 9/9
  3191 | D:5      | Reached skill level 3 in Invocations
  3208 | D:5      | Noticed a vampire
  3212 | D:5      | 3212 ||| DRINKING potion of curing.
  3212 | D:5      | 3212 ||| (to cure confusion)
  3215 | D:5      | 3215 ||| INVOKING Heroism.
  3216 | D:5      | HP: 12/48 [vampire (6)]
  3217 | D:5      | 3217 ||| READING 3 scrolls of teleportation.
  3218 | D:5      | Killed a vampire
  3219 | D:5      | Reached skill level 8 in Ranged Weapons
  3449 | D:5      | Reached ** piety under Okawaru
  3709 | D:5      | 3709 ||| READING 2 scrolls labelled OCUVOJ QIE.
  3710 | D:5      | 3710 ||| READING 4 scrolls of identify.
  3710 | D:5      | 3710 ||| IDENTIFYING murky clear potion
  3711 | D:5      | 3711 ||| DROPPING potion of lignification.
  3712 | D:5      | 3712 ||| DROPPING scroll of fog.
  3751 | D:6      | Noticed Edmund
  3752 | D:6      | 3752 ||| INVOKING Heroism.
  3761 | D:6      | Killed Edmund
  3771 | D:6      | 3771 ||| STAIRDANCE
  3867 | D:6      | Noticed qw's ghost (novice MiHs)
  3870 | D:6      | Noticed a shadow
  3873 | D:6      | 3873 ||| INVOKING Heroism.
  3957 | D:6      | Reached skill level 9 in Ranged Weapons
  4023 | D:6      | Identified the ring "Niongez" {rN+ AC+4 Dex+2}
  4048 | D:6      | 4048 ||| INVOKING Heroism.
  4051 | D:6      | Reached XP level 9. HP: 55/55 MP: 9/12
  4112 | D:6      | Noticed a cacodemon
  4113 | D:6      | Found a burning altar of Makhleb.
  4117 | D:6      | Found a glowing silver altar of Zin.
  4117 | D:6      | Noticed an angel
  4144 | D:6      | Found a runed translucent gate.
  4144 | D:6      | Found a runed translucent gate.
  4144 | D:6      | Found a runed translucent gate.
  4242 | D:6      | 4242 ||| FLEEEEING.
  4243 | D:6      | 4243 ||| FLEEEEING.
  4244 | D:6      | 4244 ||| FLEEEEING.
  4245 | D:6      | 4245 ||| FLEEEEING.
  4246 | D:6      | 4246 ||| FLEEEEING.
  4247 | D:6      | 4247 ||| FLEEEEING.
  4248 | D:6      | 4248 ||| FLEEEEING.
  4249 | D:6      | 4249 ||| FLEEEEING.
  4250 | D:6      | 4250 ||| FLEEEEING.
  4251 | D:6      | 4251 ||| FLEEEEING.
  4252 | D:6      | 4252 ||| FLEEEEING.
  4253 | D:6      | 4253 ||| FLEEEEING.
  4254 | D:6      | 4254 ||| FLEEEEING.
  4255 | D:6      | 4255 ||| FLEEEEING.
  4256 | D:6      | 4256 ||| FLEEEEING.
  4257 | D:6      | 4257 ||| FLEEEEING.
  4508 | D:6      | 4508 ||| UPGRADING to ring "Niongez" {rN+ AC+4 Dex+2}.
  4509 | D:6      | 4509 ||| READING scroll labelled VEPLOKK ASELUJ.
  4510 | D:6      | 4510 ||| READING 4 scrolls of identify.
  4510 | D:6      | 4510 ||| IDENTIFYING inky potion
  4563 | D:7      | Noticed Duvessa
  4564 | D:7      | 4564 ||| INVOKING Heroism.
  4566 | D:7      | Noticed Dowan
  4567 | D:7      | 4567 ||| Stepping ~*~*~tactically~*~*~ (outnumbered).
  4582 | D:7      | Killed Duvessa
  4583 | D:7      | Reached skill level 6 in Fighting
  4595 | D:7      | 4595 ||| INVOKING Heroism.
  4598 | D:7      | Killed Dowan
  4645 | D:7      | Reached skill level 3 in Dodging
  4845 | D:7      | 4845 ||| INVOKING Heroism.
  4958 | D:7      | Noticed Prince Ribbit
  4959 | D:7      | 4959 ||| INVOKING Heroism.
  4979 | D:7      | 4979 ||| INVOKING Heroism.
  4980 | D:7      | Killed Prince Ribbit
  4981 | D:7      | Reached skill level 10 in Ranged Weapons
  5042 | D:7      | 5042 ||| READING 2 scrolls of enchant weapon.
  5042 | D:7      | 5042 ||| ENCHANTING +0 orcbow.
  5043 | D:7      | 5043 ||| READING scroll of enchant weapon.
  5043 | D:7      | 5043 ||| ENCHANTING +1 orcbow.
  5211 | D:7      | Found a stormy altar of Qazlal.
  5211 | D:7      | Found a blossoming altar of Fedhas.
  5424 | D:7      | 5424 ||| UPGRADING to +3 leather armour of cold resistance.
  5434 | D:7      | 5434 ||| DROPPING +2 robe of positive energy.
  5435 | D:7      | 5435 ||| READING 2 scrolls labelled AZOCEI UKLUI.
  5436 | D:7      | 5436 ||| READING scroll labelled MUOGYWU LURAZ.
  5436 | D:7      | Identified a scroll of acquirement
  5436 | D:7      | 5436 ||| ACQUIRING 852 gold pieces
  5436 | D:7      | Acquired 852 gold pieces
  5438 | D:7      | 5438 ||| READING scroll labelled URPHANN OSEF.
  5439 | D:7      | 5439 ||| DROPPING scroll of fear.
  5479 | D:8      | 5479 ||| INVOKING Heroism.
  5590 | D:8      | 5590 ||| Stepping ~*~*~tactically~*~*~ (outnumbered).
  5593 | D:8      | 5593 ||| Stepping ~*~*~tactically~*~*~ (outnumbered).
  5594 | D:8      | 5594 ||| INVOKING Heroism.
  5651 | D:8      | Reached skill level 11 in Ranged Weapons
  5651 | D:8      | Reached XP level 10. HP: 63/63 MP: 13/13
  5724 | D:8      | Reached skill level 3 in Armour
  5746 | D:8      | Found a basalt altar of Yredelemnul.
  5863 | D:8      | Found a staircase to the Lair.
  5864 | D:8      | 5864 ||| INVOKING Heroism.
  5985 | D:8      | 5985 ||| PLANNING LAIR
  6007 | Lair:1   | Entered Level 1 of the Lair of Beasts
  6020 | Lair:1   | Noticed a cane toad
  6021 | Lair:1   | 6021 ||| INVOKING Heroism.
  6043 | Lair:1   | Killed a cane toad
  6116 | Lair:1   | Noticed a cane toad
  6118 | Lair:1   | 6118 ||| INVOKING Heroism.
  6122 | Lair:1   | Killed a cane toad
  6268 | Lair:1   | Identified the +2 scale mail of Nalugrasmo {Str+5 Int+3}
  6367 | Lair:1   | Reached *** piety under Okawaru
  6402 | Lair:1   | Noticed a cane toad
  6403 | Lair:1   | 6403 ||| INVOKING Heroism.
  6410 | Lair:1   | Killed a cane toad
  6507 | Lair:1   | Reached skill level 12 in Ranged Weapons
  6626 | Lair:1   | 6626 ||| INVOKING Heroism.
  6846 | Lair:1   | 6846 ||| INVOKING Heroism.
  7040 | Lair:1   | 7040 ||| INVOKING Heroism.
  7087 | Lair:1   | Noticed a black mamba
  7088 | Lair:1   | 7088 ||| INVOKING Heroism.
  7095 | Lair:1   | Killed a black mamba
  7632 | Lair:2   | Noticed an elephant
  7632 | Lair:2   | Noticed an elephant
  7632 | Lair:2   | Noticed an elephant
  7634 | Lair:2   | Noticed an elephant
  7635 | Lair:2   | Noticed an elephant
  7643 | Lair:2   | Killed an elephant
  7645 | Lair:2   | 7645 ||| INVOKING Heroism.
  7651 | Lair:2   | Killed an elephant
  7652 | Lair:2   | Reached skill level 13 in Ranged Weapons
  7652 | Lair:2   | Reached XP level 11. HP: 31/68 MP: 11/14
  7661 | Lair:2   | HP: 12/68 [elephant (7)]
  7662 | Lair:2   | 7662 ||| READING 8 scrolls of teleportation.
  7662 | Lair:2   | HP: 3/69 [elephant (9)]
  7860 | Lair:2   | Reached skill level 9 in Fighting
  7860 | Lair:2   | 7860 ||| INVOKING Heroism.
  7901 | Lair:2   | 7901 ||| INVOKING Heroism.
  8068 | Lair:2   | Noticed a boulder beetle
  8069 | Lair:2   | 8069 ||| INVOKING Heroism.
  8090 | Lair:2   | Killed a boulder beetle
  8090 | Lair:2   | Reached **** piety under Okawaru
  8243 | Lair:2   | 8243 ||| INVOKING Heroism.
  8271 | Lair:2   | Noticed a five-headed hydra
  8272 | Lair:2   | 8272 ||| INVOKING Heroism.
  8281 | Lair:2   | Killed a five-headed hydra
  8282 | Lair:2   | Reached skill level 14 in Ranged Weapons
  8308 | Lair:2   | Found a broken altar of Ashenzari.
  8480 | Lair:2   | 8480 ||| INVOKING Heroism.
  8500 | Lair:2   | 8500 ||| INVOKING Heroism.
  8623 | Lair:2   | Found a staircase to the Swamp.
  8623 | Lair:2   | Noticed a ghost crab
  8626 | Lair:2   | 8626 ||| INVOKING Heroism.
  8632 | Lair:2   | Noticed a spectral catoblepas
  8645 | Lair:2   | HP: 17/72 [ghost crab] (5)]
  8646 | Lair:2   | Noticed a spectral anaconda
  8646 | Lair:2   | 8646 ||| READING 7 scrolls of teleportation.
  8646 | Lair:2   | Slain by a spectral snapping turtle

Levels and vault maps discovered:
D:1:      dpeg_arrival_solitude, layout_basic
D:2:      layout_rooms, serial_shops, shop, shop, shop_coins, shop
D:3:      layout_loops_ring, hangedman_ru_absence, serial_shops, shop,
          chequers_ecumenical_altar_simple_redux
D:4:      layout_rooms, doesnt_xom_only_xom, nicolae_ashenzari_panopticon,
          minmay_temple_entry_arrows
D:5:      layout_loops_ring, general_overflow_altar, serial_rivers,
          chequers_serial_rivers_marsh, chequers_serial_rivers_micro_d,
          chequers_serial_rivers_micro_b, chequers_serial_rivers_marsh,
          st_stairs_6
D:6:      layout_basic, grunt_temple_overflow_order_and_chaos_2,
          gammafunk_ghost_split, hangedman_glass_teeth,
          kennysheep_generic_room_9, uniq_edmund
D:7:      layout_basic, grunt_temple_overflow_forces_of_nature,
          minmay_misc_feat_pillars, uniq_prince_ribbit1, uniq_duvessa
D:8:      layout_cave_pools, lemuel_doored_altar,
          grunt_lair_entry_orc_guard_hut, nicolae_concentric_dashed_squares_mild
Temple:   chequers_temple_sunken
Lair:1:   layout_layer_cave
Lair:2:   layout_gridlike, nicolae_swamp_entry_spooky, basic_altar

Skill      XL: |  1  2  3  4  5  6  7  8  9 10 11 |
---------------+----------------------------------+-----
Ranged Weapons | 3 4 5 6 7 9 11 13 14 | 14.1
Fighting       | 2 4 5 7 8 9 |  9.7
Armour         | 1 2 3 |  3.3
Invocations    | 2 4 5 |  5.4
Dodging        | 2 3 4 |  4.1
Spellcasting   | |  1.0
Hexes          | |  2.6

Action                     |  1- 3 |  4- 6 |  7- 9 | 10-12 || total
---------------------------+-------+-------+-------+-------++-------
   Fire: Sling             |   126 |     9 |       |       ||   135
         Orcbow            |       |   258 |   344 |   326 ||   928
 Invoke: Heroism           |       |       |    11 |    17 ||    28
    Use: Scroll            |     4 |     5 |    10 |     2 ||    21
         Potion            |     1 |     3 |     1 |       ||     5
 Armour: Robe              |    21 |    92 |    83 |       ||   196
         Ring mail         |    31 |    26 |       |       ||    57
         Leather armour    |       |       |    12 |   100 ||   112
  Dodge: Dodged            |    60 |    81 |   114 |   145 ||   400

Table legend:
 A = Non-vault XP
 B = Vault XP
 C = Vault XP percentage of total XP
 D = Non-vault monster count
 E = Vault monster count
 F = Vault count percentage of total count
                 A         B        C        D         E       F
            +---------+---------+-------+---------+---------+-------
      Total |   14385 |    1617 |  10.1 |     191 |      13 |   6.4
            +---------+---------+-------+---------+---------+-------
        D:1 |      72 |       0 |   0.0 |      36 |       0 |   0.0
        D:2 |      42 |       0 |   0.0 |      17 |       0 |   0.0
        D:3 |     106 |       0 |   0.0 |      23 |       0 |   0.0
        D:4 |     351 |       0 |   0.0 |      27 |       0 |   0.0
        D:5 |    1106 |      33 |   2.9 |      16 |       1 |   5.9
        D:6 |     526 |     180 |  25.5 |      12 |       2 |  14.3
        D:7 |     990 |     500 |  33.6 |      16 |       3 |  15.8
        D:8 |     462 |     652 |  58.5 |       9 |       5 |  35.7
     Lair:1 |    3523 |       0 |   0.0 |      12 |       0 |   0.0
     Lair:2 |    7207 |     252 |   3.4 |      23 |       2 |   8.0
            +---------+---------+-------+---------+---------+-------
